 Dungeon Crawl Stone Soup version 0.21-a0-157-gb89e0e2 (webtiles) character file.

644 Goblin1989 the Cudgeler (level 7, 0/49 HPs)
             Began as a Demonspawn Assassin on Aug 4, 2017.
             Was an Initiate of Hepliaklqana.
             Slain by a bullfrog (2 damage)
             ... on level 5 of the Dungeon.
             The game lasted 00:13:33 (4960 turns).

Goblin1989 the Cudgeler (Demonspawn Assassin)       Turns: 4960, Time: 00:13:34

Health: 0/49       AC: 10    Str: 13    XL:     7   Next: 27%
Magic:  7/7        EV: 10    Int: 12    God:    Hepliaklqana [......]
Gold:   201        SH:  4    Dex: 15    Spells: 6/6 levels left

rFire    . . .     SeeInvis .   a - +0 flail (venom)
rCold    . . .     Gourm    .   Y - +0 buckler
rNeg     . . .     Faith    .   K - +0 scale mail
rPois    +         Spirit   .   R - +1 helmet
rElec    .         Reflect  .   d - +0 cloak
rCorr    .         Harm     .   (no gloves)
MR       .....                  (no boots)
Stlth    ++........             r - amulet of regeneration
HPRegen  0.56/turn              o - ring of poison resistance
MPRegen  0.10/turn              (no ring)

@: very slightly contaminated, invisible
A: reduced essence, hooves 2, repulsion field 1, nightstalker 1
a: Recall Ancestor, Ancestor Identity, Renounce Religion


You were on level 5 of the Dungeon.
You worshipped Hepliaklqana.
Hepliaklqana was noncommittal.
You were very hungry.

You visited 2 branches of the dungeon, and saw 7 of its levels.

You collected 201 gold pieces.

Inventory:

Hand Weapons
 a - a +0 flail of venom (weapon)
 w - a +0 blowgun {@w1}
Missiles
 f - 2 curare-tipped needles
 g - 34 poisoned needles
 B - 126 stones (quivered)
 C - 58 arrows
 H - 17 bolts
 S - 17 sling bullets
Armour
 c - a +0 robe
 d - a +0 cloak (worn)
 K - a +0 scale mail (worn)
 R - a +1 helmet (worn)
 X - the +6 shield "Cetz" {rF++, unknown}
   (You found it on level 6 of the Dungeon)

   It greatly protects you from fire.
 Y - a +0 buckler (worn)
Jewellery
 o - a ring of poison resistance (left hand)
 r - an amulet of regeneration (around neck)
 A - an uncursed amulet of magic regeneration
Scrolls
 x - 3 scrolls of remove curse {unknown}
 z - 3 scrolls of magic mapping {unknown}
 L - 2 scrolls of identify {unknown}
 P - 2 scrolls of teleportation {unknown}
 V - a scroll of enchant weapon {unknown}
Potions
 u - a potion of might {unknown}
 D - a potion of experience {unknown}
 I - 4 potions of curing {@q1}
 J - 2 potions of brilliance {unknown}
 N - a potion of mutation {unknown}
 W - 3 potions of flight {unknown}
 Z - a potion of haste {unknown}
Comestibles
 e - 6 bread rations {@e1}
 E - 2 meat rations {@e2}
 O - 3 fruits
 T - a royal jelly


   Skills:
 + Level 4.5 Fighting
   Level 1.7 Short Blades
 * Level 4.5 Maces & Flails
 - Level 1.7 Throwing
 + Level 3.0 Armour
 - Level 0.8 Dodging
 - Level 3.6 Stealth
 + Level 1.5 Shields


You had 6 spell levels left.
You didn't know any spells.

Dungeon Overview and Level Annotations

Branches:
Dungeon (6/15)             Temple (1/1) D:5

Altars:
Ashenzari
Dithmenos
Elyvilon
Fedhas
Hepliaklqana
Kikubaaqudgha
Makhleb
Nemelex Xobeh
Ru
Sif Muna
Trog
Uskayaw
Vehumet
Wu Jian
Xom
Yredelemnul
Zin


Innate Abilities, Weirdness & Mutations

You have hoof-like feet.
You are surrounded by a mild repulsion field. (EV +2)
You are slightly more attuned to the shadows.
Your life essence is reduced to manifest your ancestor. (-10% HP)


Message History

The adder barely misses you.
Blork the orc gestures at you while chanting.
The puff of frost hits you! The adder bites you.
* * * LOW HITPOINT WARNING * * *
Blork the orc casts a spell at you. The puff of flame hits you!
* * * LOW HITPOINT WARNING * * *
You take 20 damage, and have 14/49 hp.
MASSIVE DAMAGE!!
You thump Blork the orc!
Blork the orc looks as sick as possible!
Blork the orc is heavily wounded.
Blork the orc hits you with a dire flail of holy wrath.
* * * LOW HITPOINT WARNING * * *
You convulse.
* * * LOW HITPOINT WARNING * * *
The leopard gecko bites you.
* * * LOW HITPOINT WARNING * * *
The adder closely misses you.
A leopard gecko zombie comes into view.
You take 5 damage, and have 9/49 hp.
You closely miss Blork the orc.
Blork the orc is heavily wounded.
Blork the orc hits you with a dire flail of holy wrath.
* * * LOW HITPOINT WARNING * * *
You convulse.
* * * LOW HITPOINT WARNING * * *
The adder bites you.
* * * LOW HITPOINT WARNING * * *
The leopard gecko closely misses you.
Blork the orc hits you but does no damage.
The leopard gecko barely misses you. The adder bites you.
* * * LOW HITPOINT WARNING * * *
You take 7 damage, and have 2/49 hp.
You fade into invisibility!
Blork the orc closely misses you. You block the adder's attack.
The leopard gecko closely misses you.
You are very lightly contaminated with residual magic.
A wight comes into view. It is wielding a falchion.
You feel better. Blork the orc barely misses you.
The adder bites you but does no damage.
The leopard gecko bites you but does no damage.
Blork the orc barely misses you.
You regained 6 hp, and now have 8/49 hp.
You closely miss the adder. The adder closely misses you.
The leopard gecko barely misses you.
Blork the orc casts a cantrip, but nothing happens.
The adder closely misses you. The leopard gecko closely misses you.
You strike the helpless adder from behind!
You sock the adder!
You kill the adder!
Blork the orc closely misses you.
Blork the orc gestures at you while chanting.
You block the puff of frost.
The leopard gecko hisses menacingly.
The leopard gecko misses you.
You strike the helpless leopard gecko from behind!
You hit the leopard gecko.
The leopard gecko is poisoned.
You kick the leopard gecko.
You kill the leopard gecko!
Blork the orc barely misses you. x2 2 wights come into view.
You kill Blork the orc!
Your Armour skill increases to level 3!
You see here a leopard gecko corpse.
You block the bullfrog's attack.
There is a stone staircase leading up here.
You hit the bullfrog.
The bullfrog is lightly wounded.
The bullfrog hits you.
* * * LOW HITPOINT WARNING * * *
You take 4 damage, and have 7/49 hp.
You closely miss the bullfrog.
The bullfrog gives a loud, deep croak!
The bullfrog is lightly wounded.
You hear an angry hiss.
The bullfrog barely misses you.
You barely miss the bullfrog. Your kick misses the bullfrog.
The bullfrog is lightly wounded.
The bullfrog swells and bulges.
The bullfrog hits you but does no damage.
The bullfrog barely misses you.
The bullfrog hits you but does no damage.
The wight throws a stone.
The stone barely misses the adder zombie.
The stone closely misses the bullfrog.
The stone barely misses you. You block the bullfrog's attack.
You climb upwards.
The orc hits you with a flail.
* * * LOW HITPOINT WARNING * * *
The orc priest looks encouraged for a moment.
The orc hits you but does no damage.
The orc priest hits Hsekiu with a club.
There is a stone staircase leading down here.
You take 2 damage, and have 6/49 hp.
The bullfrog hits you.
* * * LOW HITPOINT WARNING * * *
Hsekiu hits the orc priest.
The orc priest hits Hsekiu with a club.
You block the orc's attack.
You take 5 damage, and have 1/49 hp.
The bullfrog hits you but does no damage.
The bullfrog hits you.
You die... ......[..██.█ ..........█.█ █████████.█.█ █████████████

█.█.█ █....█......█
█.█.█ █....█......█
█...█ █....█......█
██..█ █....█......█
█..█ █....█......█
█@.█
█...R█......████oF█
§o...∆....o.R...o>█
█o...█.....o███████
██████......█
█......█


████████ You could see a bullfrog, an orc wizard and an orc.

Vanquished Creatures
  Blork the orc (D:6)
  A scorpion (D:4)
  The ghost of p0werm0de the Covered, a weakling DgWn (D:4)
  A howler monkey (D:6)
  2 bullfrog skeletons
  2 orc priests (D:6)
  An orc wizard (D:3)
  Jessica (D:3)
  An iguana (D:4)
  A worker ant (D:4)
  A worker ant zombie (D:4)
  Robin (D:3)
  3 gnolls
  8 adders
  2 oozes (D:2)
  A worm (D:3)
  A dart slug (D:1)
  7 leopard geckos
  3 orcs
  4 ball pythons
  5 giant cockroaches
  15 goblins
  9 hobgoblins
  7 kobolds
  4 bats
  4 frilled lizards
  A giant cockroach zombie (D:6)
  A leopard gecko skeleton (D:4)
  8 rats
97 creatures vanquished.

Notes
Turn   | Place    | Note
-------+----------+-------------------------------------------
     0 | D:1      | Goblin1989 the Demonspawn Assassin began the quest for the Orb.
     0 | D:1      | Reached XP level 1. HP: 16/16 MP: 1/1
   422 | D:1      | Gained mutation: You have large cloven feet. [demonic ancestry]
   422 | D:1      | Reached XP level 2. HP: 17/23 MP: 2/2
  1277 | D:1      | Reached skill level 1 in Maces & Flails
  1277 | D:1      | Gained mutation: You have hoof-like feet. [demonic ancestry]
  1277 | D:1      | Reached XP level 3. HP: 27/29 MP: 3/3
  2028 | D:2      | Reached skill level 1 in Armour
  2105 | D:2      | Found a white marble altar of Elyvilon.
  2158 | D:2      | Found a basalt altar of Yredelemnul.
  2542 | D:3      | Noticed Robin
  2577 | D:3      | Reached XP level 4. HP: 33/35 MP: 4/4
  2917 | D:3      | Killed Robin
  2981 | D:3      | Found a radiant altar of Vehumet.
  2997 | D:3      | Noticed Jessica
  3039 | D:3      | Killed Jessica
  3039 | D:3      | Gained mutation: You are surrounded by a mild repulsion field. (EV +2) [demonic ancestry]
  3039 | D:3      | Reached XP level 5. HP: 36/41 MP: 5/5
  3105 | D:3      | Found a sacrificial altar of Ru.
  3131 | D:3      | Became a worshipper of Ru the Awakened
  3507 | D:4      | Found a shimmering altar of Xom.
  3839 | D:4      | Found an ancient bone altar of Kikubaaqudgha.
  3901 | D:4      | Noticed p0werm0de's ghost (weakling DgWn)
  3985 | D:4      | Killed p0werm0de's ghost
  3985 | D:4      | Reached XP level 6. HP: 31/48 MP: 6/6
  4088 | D:4      | Found a bloodstained altar of Trog.
  4583 | D:5      | Entered Level 5 of the Dungeon
  4621 | D:5      | Found a staircase to the Ecumenical Temple.
  4668 | Temple   | Entered the Ecumenical Temple
  4699 | Temple   | Fell from the grace of Ru
  4699 | Temple   | Became a worshipper of Hepliaklqana the Forgotten
  4855 | D:6      | Reached skill level 1 in Shields
  4928 | D:6      | Noticed Blork the orc
  4928 | D:6      | Got a dazzling shield
  4938 | D:6      | Gained mutation: You are slightly more attuned to the shadows. [demonic ancestry]
  4938 | D:6      | Reached XP level 7. HP: 44/49 MP: 7/7
  4946 | D:6      | HP: 2/49 [adder (4)]
  4952 | D:6      | Killed Blork the orc
  4959 | D:5      | HP: 1/49 [bullfrog (6)]
  4960 | D:5      | Slain by a bullfrog

Vault maps used:
D:1:      lemuel_arrival_tunnels
D:2:      kennysheep_ying_yang, first_bread
D:3:      nicolae_ru_great_annihilating_truth, vehumet_crystals, serial_bayou,
          serial_bayou_shore_b, serial_bayou_pond_d, serial_bayou_lagoon_a,
          serial_bayou_pond_e, kennysheep_generic_room_16, uniq_robin,
          uniq_jessica
D:4:      bloody_trog, overflow_temple_1_default, lemuel_statue_altar
D:5:      minmay_temple_entry_mist, basic_altar, serial_shops, kennysheep_mini,
          minmay_misc_feat_encased, uniq_pikel
D:6:      nicolae_whirlpool, slow_altar_1, uniq_blork_the_orc
Temple:   eino_temple_lava

Skill      XL: |  1  2  3  4  5  6  7 |
---------------+----------------------+-----
Fighting       | 3 4 |  4.5
Maces & Flails | 1 2 3 4 |  4.5
Armour         | 1 2 3 |  3.0
Shields        | 1 |  1.5
Short Blades   | |  1.7
Throwing       | |  1.7
Dodging        | |  0.8
Stealth        | |  3.6

Action                   |  1- 3 |  4- 6 |  7- 9 || total
-------------------------+-------+-------+-------++-------
Melee: Dagger            |    47 |    17 |       ||    64
       Whip              |   101 |   102 |       ||   203
       Kick              |    26 |    60 |     2 ||    88
       Flail             |       |    85 |    13 ||    98
 Fire: Blowgun           |       |     7 |       ||     7
  Use: Potion            |       |     2 |     2 ||     4
 Stab: Sleeping          |     3 |       |       ||     3
       Paralysed         |       |     1 |       ||     1
       Invisible         |       |       |     2 ||     2
  Eat: Chunk             |     5 |     7 |       ||    12
Armor: Robe              |    24 |       |       ||    24
       Scale mail        |    26 |    91 |     9 ||   126
Dodge: Dodged            |    89 |   119 |    20 ||   228
Block: Buckler           |       |    14 |     5 ||    19

Vault maps used:
D:1:      lemuel_arrival_tunnels
D:2:      kennysheep_ying_yang, first_bread
D:3:      nicolae_ru_great_annihilating_truth, vehumet_crystals, serial_bayou,
          serial_bayou_shore_b, serial_bayou_pond_d, serial_bayou_lagoon_a,
          serial_bayou_pond_e, kennysheep_generic_room_16, uniq_robin,
          uniq_jessica
D:4:      bloody_trog, overflow_temple_1_default, lemuel_statue_altar
D:5:      minmay_temple_entry_mist, basic_altar, serial_shops, kennysheep_mini,
          minmay_misc_feat_encased, uniq_pikel
D:6:      nicolae_whirlpool, slow_altar_1, uniq_blork_the_orc
Temple:   eino_temple_lava
